 Dungeon Sprint DCSS version 0.21.1-1-g345015f (webtiles) character file.

3130 Fang the Severer (level 9, 0/96 HPs)
             Began as a Minotaur Berserker on June 5, 2018.
             Was the Champion of Trog.
             Killed by vampiric draining
             ... invoked by a deep elf death mage
              (3 damage)
             ... in the Dungeon (Sprint V: "Ziggurat Sprint").
             The game lasted 00:02:34 (500 turns).

Fang the Severer (Minotaur Berserker)                Turns: 500, Time: 00:02:35

Health: 0/96       AC: 10    Str: 29    XL:     9   Next: 61%
Magic:  4/8        EV: 13    Int:  8    God:    Trog [******]
Gold:   0          SH:  0    Dex: 10    Spells: 8/8 levels left

rFire    . . .     SeeInvis .   b - +10 battleaxe of Hiuklazyux {flame, rC+ Str-2 Int+4}
rCold    + + .     Gourm    .   (shield currently unavailable)
rNeg     . . .     Faith    .   k - +2 scale mail {rC+}
rPois    .         Spirit   .   (helmet restricted)
rElec    .         Reflect  .   (no cloak)
rCorr    .         Harm     .   (no gloves)
MR       .....     NoTele   +   (no boots)
Stlth    ..........             (no amulet)
HPRegen  0.26/turn              G - ring of flight
MPRegen  0.11/turn              F - +6 ring of strength

@: lethally poisoned (0 -> -4), berserk cooldown, slowed, very slow
A: retaliatory headbutt, horns 2
a: Berserk, Trog's Hand, Brothers in Arms, Burn Spellbooks, Renounce Religion,
Evoke Flight


You were in the Dungeon.
You worshipped Trog.
Trog was exalted by your worship.
You were hungry.

You visited 1 branch

Inventory:

Hand Weapons
 b - the +10 battleaxe of Hiuklazyux (weapon) {flame, rC+ Str-2 Int+4}
   (You found it in the Dungeon)

   It has been specially enchanted to burn those struck by it, causing extra
   injury to most foes and up to half again as much damage against particularly
   susceptible opponents.
   Big, fiery blades are also staple armaments of hydra-hunters.
   It affects your strength (-2).
   It affects your intelligence (+4).
   It protects you from cold.
 l - a +1 antimagic war axe
 A - a +3 hand axe of chopping
Armour
 j - +5 shadow dragon scales
 k - a +2 scale mail of cold resistance (worn)
Jewellery
 F - a +6 ring of strength (right hand)
 G - a ring of flight (left hand)
Wands
 x - a wand of disintegration (7)
 y - a wand of iceblast (7)
 z - a wand of acid (7)
Scrolls
 i - 4 scrolls of blinking
 m - 7 scrolls of fog
 n - 2 scrolls of holy word
 o - 5 scrolls of identify
 p - 5 scrolls of remove curse
 q - 2 scrolls of fear
Potions
 d - 10 potions of curing
 e - 10 potions of heal wounds
 f - 6 potions of haste
 g - 7 potions of magic
 h - 3 potions of berserk rage
 r - 2 potions of brilliance
 s - 2 potions of invisibility
 t - 4 potions of resistance
 u - a potion of experience
 v - 5 potions of agility
 w - 5 potions of might
Comestibles
 a - 4 chunks of flesh
 c - 7 rations


   Skills:
 + Level 14.9 Fighting
 + Level 15.2(16.1) Axes
   Level 9.3(13.3) Polearms
 + Level 9.8 Armour
 + Level 7.4 Dodging
 + Level 1.6 Stealth


You had 8 spell levels left.
You didn't know any spells.

Dungeon Overview and Level Annotations

Branches:
Dungeon (1/1)

Altars:
Ashenzari
Cheibriados
Dithmenos
Elyvilon
Fedhas
Gozag
Hepliaklqana
Kikubaaqudgha
Makhleb
Nemelex Xobeh
Okawaru
Qazlal
Ru
Sif Muna
Trog
Uskayaw
Vehumet
Wu Jian
Xom
Yredelemnul
Zin
The Shining One
Beogh
Jiyva
Lugonu

Annotations:
D 1 transporter


Innate Abilities, Weirdness & Mutations

You reflexively headbutt those who attack you in melee.
You have a pair of horns on your head.


Message History

The deep elf death mage barely misses you.
You furiously retaliate!
You headbutt the deep elf death mage!
The deep elf mage hits you with a long sword.
* * * LOW HITPOINT WARNING * * *
The demonic crawler hits you.
* * * LOW HITPOINT WARNING * * *
The demonic crawler hits you but does no damage. x2
You slash the demonic crawler! You burn the demonic crawler.
The demonic crawler is severely wounded.
You closely miss the deep elf mage. You slash the crawling corpse!
You burn the crawling corpse.
You destroy the crawling corpse!
You closely miss the deep elf mage.
You barely miss the deep elf death mage.
You feel sick. The demonic crawler hits you!
* * * LOW HITPOINT WARNING * * *
The demonic crawler hits you but does no damage.
The demonic crawler misses you.
The deep elf death mage is infused with unholy energy.
You die...

▓.▓....▓.▓........▓
▓...©....▓...©....▓
▓▓▓▓▓▓▓▓▓▓▓▓▓▓▓▓▓▓▓
▓...8©8...▓..8©8..▓
▓..:::[...▓..|))..▓
▓...)[....▓..).|..▓
▓.........▓.......▓
▓..ee§4...▓.......▓
▓...@s)...▓...[[[.▓
▓...)e....▓....)..▓
▓.........▓.▓...▓.▓
▓....©....▓...©...▓
▓▓▓▓▓▓▓▓▓▓▓▓▓▓▓▓▓▓▓
▓..8©8..▓ ▓..[|=..▓
▓..[....▓ ▓.......▓


You could see a deep elf death mage, a demonic crawler, 2 deep elf magi and a
chaos spawn.

Vanquished Creatures
  An unseen horror (shapeshifter) (D)
  2 deep elf magi (D)
  A water elemental (D)
  A wyvern (D)
  A fire elemental (D)
  A steam dragon (D)
  A small abomination (D)
  3 acid dragons (D)
  A porcupine (D)
  A necrophage (D)
  A swamp drake (D)
  An eye of draining (D)
  2 phantoms (D)
  A bullfrog (D)
  2 quasits (D)
  2 orc priests (D)
  2 jellies (D)
  An orc wizard (D)
  2 shadow imps (D)
  2 white imps (D)
  An ufetubus (D)
  2 oozes (D)
  An orc (D)
  A bat skeleton (D)
  2 crawling corpses (D)
36 creatures vanquished.

Notes
Turn   | Place    | Note
-------+----------+-------------------------------------------
     0 | D        | Found the +6 Majin-Bo {vamp, Archmagi MP+6 Int+6}
     0 | D        | Found the +7 great mace "Firestarter" {inner flame, rF++}
     0 | D        | Fang the Minotaur Berserker began the quest for the Orb.
     0 | D        | Reached XP level 1. HP: 19/19 MP: 0/0
     3 | D        | Found a blossoming altar of Fedhas.
     4 | D        | Found a viscous altar of Jiyva.
     4 | D        | Found a hazy altar of Hepliaklqana.
     4 | D        | Found a transporter.
     4 | D        | Found an opulent altar of Gozag.
     4 | D        | Found an ancient bone altar of Kikubaaqudgha.
     4 | D        | Found a corrupted altar of Lugonu.
    10 | D        | Found a burning altar of Makhleb.
    11 | D        | Found a stormy altar of Qazlal.
    11 | D        | Found a sacrificial altar of Ru.
    11 | D        | Found an iron altar of Okawaru.
    11 | D        | Found a deep blue altar of Sif Muna.
    11 | D        | Found a sparkling altar of Nemelex Xobeh.
    11 | D        | Found a bloodstained altar of Trog.
    75 | D        | Entered arena 2.
    75 | D        | Noticed a porcupine
    75 | D        | Noticed a bullfrog
    75 | D        | Found a transporter.
    77 | D        | Killed a bullfrog
    77 | D        | Reached skill level 6 in Axes
    77 | D        | Reached XP level 2. HP: 31/31 MP: 1/1
    77 | D        | Reached XP level 3. HP: 38/38 MP: 2/2
    79 | D        | Killed a porcupine
    79 | D        | Reached skill level 8 in Axes
    79 | D        | Reached XP level 4. HP: 49/49 MP: 3/3
    79 | D        | Reached XP level 5. HP: 56/56 MP: 4/4
   154 | D        | Entered arena 3.
   154 | D        | Found a transporter.
   157 | D        | Reached ** piety under Trog
   157 | D        | Reached skill level 5 in Armour
   160 | D        | Reached skill level 9 in Axes
   171 | D        | Entered arena 4.
   171 | D        | Found a transporter.
   175 | D        | Reached skill level 1 in Polearms
   176 | D        | Reached *** piety under Trog
   179 | D        | Reached skill level 10 in Axes
   179 | D        | Reached skill level 5 in Dodging
   179 | D        | Reached XP level 6. HP: 53/66 MP: 5/5
   184 | D        | Reached skill level 10 in Fighting
   198 | D        | Got the cursed ring "Egiunel" {rElec rC+ AC-2 SInv}
   199 | D        | Reached **** piety under Trog
   313 | D        | Entered arena 5.
   313 | D        | Found a transporter.
   319 | D        | Reached ***** piety under Trog
   319 | D        | Reached skill level 11 in Axes
   325 | D        | Reached XP level 7. HP: 74/74 MP: 6/6
   339 | D        | Entered arena 6.
   339 | D        | Found a transporter.
   344 | D        | Reached skill level 5 in Polearms
   363 | D        | Entered arena 7.
   363 | D        | Noticed a wyvern
   363 | D        | Noticed a steam dragon
   365 | D        | Found a transporter.
   367 | D        | Killed a wyvern
   367 | D        | Reached skill level 12 in Axes
   370 | D        | Received a gift from Trog
   372 | D        | Reached ****** piety under Trog
   372 | D        | Reached XP level 8. HP: 83/83 MP: 7/7
   393 | D        | Got the +10 battleaxe of Hiuklazyux {flame, rC+ Str-2 Int+4}
   441 | D        | Entered arena 8.
   442 | D        | Found a transporter.
   448 | D        | Received a gift from Trog
   448 | D        | Reached skill level 13 in Axes
   448 | D        | Killed an unseen horror
   448 | D        | Reached XP level 9. HP: 93/94 MP: 8/8
   483 | D        | Entered arena 9.
   483 | D        | Noticed a deep elf mage
   483 | D        | Noticed a deep elf mage
   483 | D        | Noticed a deep elf death mage
   483 | D        | Noticed a deep elf mage
   483 | D        | Noticed a deep elf mage
   485 | D        | Found a transporter.
   488 | D        | Reached skill level 14 in Axes
   488 | D        | Reached skill level 1 in Stealth
   492 | D        | Noticed a sixfirhy
   492 | D        | Killed a deep elf mage
   492 | D        | Received a gift from Trog
   494 | D        | Noticed a demonic crawler
   495 | D        | Killed a deep elf mage
   495 | D        | Reached skill level 15 in Axes
   500 | D        | HP: 3/96 [demonic crawler[a deep elf mage] (9)]
   500 | D        | Killed from afar by a deep elf death mage

Skill      XL: |  1  2  3  4  5  6  7  8  9 |
---------------+----------------------------+-----
Fighting       | 6 8 9 11 12 13 14 | 14.9
Axes           | 6 8 10 11 12 13 15 | 15.2
Armour         | 3 4 5 6 7 8 9 |  9.8
Dodging        | 3 4 5 6 7 |  7.4
Polearms       | 2 4 7 9 |  9.3
Stealth        | 1 |  1.6

Action                   |  1- 3 |  4- 6 |  7- 9 || total
-------------------------+-------+-------+-------++-------
Melee: Demon trident     |     3 |    27 |    19 ||    49
       Headbutt          |       |     4 |     6 ||    10
       Battleaxe         |       |       |    16 ||    16
Invok: Berserk           |     1 |     1 |     2 ||     4
       Burn Spellbooks   |       |     1 |     1 ||     2
  Eat: Chunk             |       |       |     2 ||     2
Armor: Shadow dragon sca |       |    11 |    15 ||    26
       Scale mail        |       |       |     7 ||     7
Dodge: Dodged            |     3 |    11 |    27 ||    41
